 Dungeon Crawl Stone Soup version 0.32-a0-818-gb728d0252e (webtiles) character file.

Game seed: 17815418948392151425

23 AstroCodex24 the Trooper (level 2, 0/23 HPs)
             Began as a Vampire Fighter on Mar 23, 2024.
             Killed by divine providence
             ... invoked by an orc priest
              (12 damage)
             ... on level 3 of the Dungeon.
             The game lasted 00:01:18 (248 turns).

AstroCodex24 the Trooper (Vampire Fighter)           Turns: 248, Time: 00:01:19

Health: 0/23       AC:  6    Str: 15    XL:     2   Next: 75%
Magic:  2/2        EV:  7    Int: 10    God:
Gold:   0          SH:  4    Dex: 13    Spells: 1/1 levels left

rFire   . . .        a - +0 war axe
rCold   . . .        c - +0 buckler
rNeg    . . .        b - +0 scale mail
rPois   .            (no helmet)
rElec   .            (no cloak)
rCorr   .            (no gloves)
SInv    +            (no boots)
Will    .....        (no amulet) Stlth
                     (no ring)
HPRegen 0.43/turn    (no ring)
MPRegen 0.08/turn

%: no passive effects
@: healing quickly
A: alive, fangs 3, see invisible, vampiric 1
a: Exsanguinate, Convert to Beogh


You were on level 3 of the Dungeon.
You visited 1 branch of the dungeon, and saw 3 of its levels.

Inventory:

Hand Weapons
 a - a +0 war axe (weapon)
Armour
 b - a +0 scale mail (worn)
 c - a +0 buckler (worn)
Jewellery
 f - an amulet of faith
Scrolls
 e - a scroll of fear {unknown}
Potions
 d - a potion of might


   Skills:
 + Level 2.9 Fighting
 + Level 2.1 Axes
 + Level 2.7 Armour
 + Level 2.9 Shields


You had one spell level left.
You didn't know any spells.
Your spell library was empty.

Dungeon Overview and Level Annotations

Branches:
Dungeon (3/15)

Altars:


Innate Abilities, Weirdness & Mutations

Your natural rate of healing is accelerated.
You have razor-sharp teeth.
You have supernaturally acute eyesight. (SInv)
You are afflicted with vampirism.


Message History

You kill the ufetubus!
Things that are here:
a +0 dagger; a goblin corpse
There is a stone staircase leading up here.
You see here a rat corpse.
You open the door.
An orc comes into view. It is wielding a +0 club.
The orc shouts!
An orc comes into view. It is wielding a +0 club.
There is an open door here.
An orc priest comes into view. It is wielding a +0 flail.
The orc priest shouts!
The orc hits you but does no damage.
You closely miss the orc. You bite the orc.
The orc is severely wounded.
The orc hits you but does no damage.
An orc comes into view. It is wielding a +0 dagger.
The orc hits you with a +0 club.
The orc priest looks braver for a moment.
You barely miss the orc.
The orc is severely wounded.
You closely miss the orc.
The orc shouts!
The orc hits you but does no damage. The orc completely misses you.
You completely miss the orc.
The orc is heavily wounded.
You closely miss the orc. The orc hits you but does no damage.
You closely miss the orc.
The orc is heavily wounded.
You hit the orc. You hit the orc priest.
The orc priest hits you with a +0 flail.
The orc hits you with a +0 club. x2; The orc hits you but does no damage.
The orc hits you with a +0 club.
The orc priest shouts, "The Pantheon deserves no one's loyalty.
Let us show you the true path!" (press Y on the ability menu to convert to Beogh)
The orc hits you with a +0 club.
The orc priest mumbles some strange prayers to Beogh against you.
Beogh smites you!
Ouch! That really hurt!
You die...

##########
########.........
#.....##.........
#..)#.##.........
###<#.##.........
###...#.##.o.......
+........'@o.o.....
###.#.####.o.......
#.#.# ########..
#.#.# # #.# #.. ###


You could see an orc priest and 3 orcs.

Vanquished Creatures
  2 ufetubi (D:3)
  2 dart slugs
  An endoplasm (D:2)
  2 goblins
  A quokka (D:2)
  2 rats
10 creatures vanquished.

Notes
Turn   | Place    | Note
-------+----------+-------------------------------------------
     0 | D:1      | AstroCodex24 the Vampire Fighter began the quest for the
                  | Orb.
     0 | D:1      | Reached XP level 1. HP: 17/17 MP: 1/1
   143 | D:2      | Reached XP level 2. HP: 23/23 MP: 2/2
   248 | D:3      | Killed from afar by an orc priest

Illustrated notes

Levels and vault maps discovered:
D:1:      lemuel_arrival_broad_hall, layout_basic, serial_shops, shop
D:2:      layout_loops_corners, basic_altar, corner_web_ring
D:3:      layout_basic, dilly_ecumenical_altar_fadedgnrine, uniq_sigmund

Skill      XL: |  1  2 |
---------------+-------+-----
Axes           | 2 |  2.1
Fighting       | |  2.9
Armour         | |  2.7
Shields        | |  2.9

Action                     || total
---------------------------++-------
  Melee: War axe           ||    35
         Bite              ||     5
 Armour: Scale mail        ||    47
  Dodge: Dodged            ||    22
  Block: Buckler           ||    13

Table legend: (Time is in decaauts)
 A = Elapsed time spent in this place.
 B = Non-inter-level travel time spent in this place.
 C = Inter-level travel time spent in this place.
 D = Time resting spent in this place.
 E = Time spent auto-exploring this place.
 F = Levels seen in this place.
 G = Mean time per level.
                   A        B        C        D        E       F      G
               +--------+--------+--------+--------+--------+-----+--------+
         Total |    263 |    255 |      8 |      0 |      0 |   3 |   87.7 |
       Dungeon |    263 |    255 |      8 |      0 |      0 |   3 |   87.7 |
               +--------+--------+--------+--------+--------+-----+--------+

Top non-repeatable levels by time:
     D:2: 189 daAuts
     D:1: 39 daAuts
     D:3: 35 daAuts
